 Dungeon Crawl Stone Soup version 0.19.0-22-gd96e5fe (webtiles) character file.

57 dobroeutro the Sneak (level 3, -1/18 HPs)
             Began as a Spriggan Assassin on Nov 18, 2016.
             Slain by esc's ghost (5 damage)
             ... on level 3 of the Dungeon.
             The game lasted 00:02:18 (1215 turns).

dobroeutro the Sneak (Spriggan Assassin)            Turns: 1215, Time: 00:02:19

Health: -1/18      AC:  3    Str:  7    XL:     3   Next: 73%
Magic:  4/4        EV: 18    Int: 12    God:
Gold:   76         SH:  0    Dex: 18    Spells: 0 memorised, 2 levels left

rFire  . . .     SeeInvis +     a - +2 dagger
rCold  . . .     Gourm    .     c - +0 robe
rNeg   . . .     Faith    .     (shield restricted)
rPois  .         Spirit   .     (helmet restricted)
rElec  .         Reflect  .     d - +0 cloak
rCorr  +         Harm     .     (gloves unavailable)
MR     .....                    (boots unavailable)
Stlth  ++++......               (no amulet)
                                (no ring)
                                o - ring of resist corrosion

@: very quick
A: unfitting armour, see invisible, herbivore 3, speed 3, slow metabolism 2
a: no special abilities


You were on level 3 of the Dungeon.
You were not hungry.

You visited 1 branch of the dungeon, and saw 3 of its levels.

You collected 76 gold pieces.

Inventory:

Hand Weapons
 a - a +2 dagger (weapon)
 b - a +0 blowgun
Missiles
 e - 18 poisoned needles
 f - 2 curare-tipped needles
Armour
 c - a +0 robe (worn)
 d - a +0 cloak (worn)
Jewellery
 o - a ring of resist corrosion (left hand)
Scrolls
 h - 3 scrolls of remove curse {unknown}
 k - a scroll of amnesia {unknown}
 m - a scroll of teleportation {unknown}
 n - a scroll of identify {unknown}
Potions
 i - a potion of curing {unknown}
 j - 2 potions of cancellation {unknown}
 p - a potion of invisibility {unknown}
Comestibles
 g - 2 bread rations
 l - 4 fruits


   Skills:
 - Level 1.5 Fighting
 + Level 3.4 Short Blades
 - Level 2.0 Throwing
 + Level 2.8 Dodging
 + Level 6.7 Stealth


You had 2 spell levels left.
You didn't know any spells.

Dungeon Overview and Level Annotations

Branches:
Dungeon (3/15)

Altars:

Annotations:
D:3 esc's ghost, amateur HaHu


Innate Abilities, Weirdness & Mutations

You are very small and have problems with some larger weapons.
You are too small for most types of armour.
You have supernaturally acute eyesight. (SInv)
You are a herbivore.
You cover ground extremely quickly.
You need consume almost no food.


Message History

Esc's ghost hits you but does no damage.
You barely miss esc's ghost.
Esc's ghost is severely damaged.
Esc's ghost closely misses you.
You closely miss esc's ghost.
Esc's ghost is severely damaged.
Esc's ghost barely misses you.
You miss esc's ghost.
Esc's ghost is severely damaged.
Esc's ghost misses you.
You hit esc's ghost but do no damage.
Esc's ghost is severely damaged.
You hit esc's ghost but do no damage.
Esc's ghost is severely damaged.
Esc's ghost closely misses you.
You aren't carrying any items that you can evoke.
You barely miss esc's ghost.
Esc's ghost is severely damaged.
Esc's ghost hits you.
You die...

#.#.# ..### #.#.#
#.#<#########.#.#
.######.#.##......#.#.##
......#.#.##.####.#...).
........#.##........†.##
........#.##..###.......
.##.....#.##..##########
#.....W@...>.......#
.##.....#.....####.#
###....).......#
###.#....###.#
.......... #
###.#....### #.###.##
#.# #.. ##


You could see esc's ghost.

Vanquished Creatures
  2 adders
  A dart slug (D:1)
  2 giant cockroaches
  4 goblins
  9 hobgoblins
  2 jackals (D:1)
  2 kobolds (D:2)
  7 bats
  A frilled lizard (D:1)
  4 rats
34 creatures vanquished.

Notes
Turn   | Place    | Note
-------+----------+-------------------------------------------
     0 | D:1      | dobroeutro the Spriggan Assassin began the quest for the Orb.
     0 | D:1      | Reached XP level 1. HP: 10/10 MP: 2/2
    63 | D:1      | Reached skill level 6 in Stealth
   160 | D:1      | Reached XP level 2. HP: 13/14 MP: 3/3
   756 | D:2      | Reached XP level 3. HP: 18/18 MP: 4/4
  1134 | D:2      | You fall through a shaft!
  1175 | D:3      | Noticed esc's ghost (amateur HaHu)
  1215 | D:3      | Slain by esc's ghost

Skill      XL: |  1  2 |
---------------+-------+-----
Stealth        | 6 |  6.7
Dodging        | 2 |  2.8
Short Blades   | 3 |  3.4
Fighting       | |  1.5
Throwing       | |  2.0

Action                   || total
-------------------------++-------
Melee: Dagger            ||   155
 Stab: Sleeping          ||    12
Armor: Robe              ||    16
Dodge: Dodged            ||   112
